 Dungeon Crawl Stone Soup version 0.18.1-50-g88ac8fd (webtiles) character file.

79 Patate the Skirmisher (level 4, -4/73 HPs)
             Began as an Ogre Berserker on Oct 26, 2016.
             Was a Believer of Trog.
             Slain by Sigmund
             ... wielding a +0 scythe
              (12 damage)
             ... on level 2 of the Dungeon.
             The game lasted 00:03:46 (1764 turns).

Patate the Skirmisher (Ogre Berserker)              Turns: 1764, Time: 00:03:47

Health: -4/73      AC:  3    Str: 28    XL:     4   Next: 38%
Magic:  4/4        EV: 10    Int:  6    God:    Trog [**....]
Gold:   81         SH:  0    Dex:  9    Spells: 0 memorised, 3 levels left

rFire  . . .     SeeInvis .     a - +0 mace
rCold  . . .     Gourm    .     b - +0 animal skin
rNeg   . . .     Faith    .     (no shield)
rPois  .         Spirit   .     (helmet restricted)
rElec  .         Dismiss  .     (no cloak)
rCorr  .         Reflect  .     (gloves unavailable)
SustAt .         Harm     .     (boots unavailable)
MR     .....                    (no amulet)
Stlth  ..........               (no ring)
                                (no ring)

@: berserking (expiring), very quick, not resistant to hostile enchantments,
extremely unstealthy
A: unfitting armour, tough skin 1
a: Berserk, Trog's Hand, Burn Spellbooks, Renounce Religion


You were on level 2 of the Dungeon.
You worshipped Trog.
Trog was pleased with you.
You were not hungry.

You visited 1 branch of the dungeon, and saw 2 of its levels.

You collected 81 gold pieces.

Inventory:

Hand Weapons
 a - a +0 mace (weapon)
Armour
 b - a +0 animal skin (worn)
 n - a +0 buckler
Scrolls
 d - 2 scrolls of identify {unknown}
 e - 2 scrolls of remove curse {unknown}
 f - 2 scrolls of teleportation {unknown}
 g - 2 scrolls of enchant armour {unknown}
 h - a scroll of amnesia {unknown}
 j - 2 scrolls of magic mapping {unknown}
 l - 2 scrolls of enchant weapon {unknown}
 m - 2 scrolls of fear {unknown}
Potions
 i - a potion of invisibility {unknown}
 k - 2 potions of lignification {unknown}
 p - 2 potions of curing {unknown}
 r - a potion of haste {unknown}
Comestibles
 c - a bread ration
 o - a meat ration


   Skills:
 + Level 4.9 Fighting
 + Level 4.7 Maces & Flails
 - Level 3.6 Dodging


You had 3 spell levels left.
You didn't know any spells.

Dungeon Overview and Level Annotations

Branches:
Dungeon (2/15)

Altars:

Annotations:
D:2 Sigmund


Innate Abilities, Weirdness & Mutations

You are too large for most types of armour.
You have tough skin (AC +1).


Message History

Sigmund closely misses you.
You hit Sigmund but do no damage. Sigmund hits you with a scythe!
* * * LOW HITPOINT WARNING * * *
You barely miss Sigmund. Sigmund barely misses you.
You barely miss Sigmund.
A red film seems to cover your vision as you go berserk!
You feel yourself moving faster!
You feel mighty!
You feel somewhat more hungry. Sigmund misses you.
You closely miss Sigmund. Sigmund hits you with a scythe!
* * * LOW HITPOINT WARNING * * *
You closely miss Sigmund. You thump Sigmund!
Sigmund is moderately wounded.
Sigmund barely misses you.
You sock Sigmund!
Sigmund is heavily wounded.
You hit Sigmund.
Sigmund is severely wounded.
Sigmund hits you with a scythe!
You die...

### ..# #.#
#. #.# # #.#
#.# . #.#
#@# #. ##.#
#@#
#.##..###.#
##.......#.#
+..........#
#.#.....###
#.......#
######.##
#.# #+# #.#


You could see Sigmund.

Vanquished Creatures
  4 adders (D:2)
  An ooze (D:2)
  3 dart slugs
  A giant gecko (D:2)
  3 giant cockroaches
  6 hobgoblins
  2 bats
  2 giant newts (D:1)
  5 goblins
  3 kobolds (D:1)
  2 rats
32 creatures vanquished.

Notes
Turn   | Place    | Note
--------------------------------------------------------------
     0 | D:1      | Patate the Ogre Berserker began the quest for the Orb.
     0 | D:1      | Reached XP level 1. HP: 24/24 MP: 1/1
   124 | D:1      | Reached XP level 2. HP: 29/32 MP: 2/2
   508 | D:1      | Reached ** piety under Trog
   508 | D:1      | Reached XP level 3. HP: 36/40 MP: 3/3
  1392 | D:2      | Reached XP level 4. HP: 46/49 MP: 4/4
  1746 | D:2      | Noticed Sigmund
  1764 | D:2      | Slain by Sigmund

Skill      XL: |  1  2 |
---------------+-------+-----
Dodging        | 3 |  3.6
Fighting       | |  4.9
Maces & Flails | |  4.7

Action                   |  1- 3 |  4- 6 || total
-------------------------+-------+-------++-------
Melee: Mace              |    97 |    27 ||   124
Invok: Berserk           |       |     1 ||     1
  Eat: Chunk             |       |     3 ||     3
Armor: Animal skin       |    28 |     1 ||    29
Dodge: Dodged            |    67 |    16 ||    83
